 Dungeon Crawl Stone Soup version 0.28-a0-991-g956f0ee3d5 (webtiles) character file.

Game seed: 6098914218219602030

7861 ders the Geomancer (level 11, -9/54 HPs)
             Began as a Gargoyle Earth Elementalist on Dec 5, 2021.
             Was a Believer of Vehumet.
             Mangled by a slime creature (11 damage)
             ... on level 9 of the Dungeon.
             The game lasted 00:14:17 (12475 turns).

ders the Geomancer (Gargoyle Earth Elementalist)   Turns: 12475, Time: 00:14:18

Health: -9/54      AC: 10    Str: 11    XL:     11   Next: 21%
Magic:  2/24       EV: 11    Int: 21    God:    Vehumet [**....]
Gold:   537        SH:  5    Dex: 10    Spells: 19/28 levels left

rFire   . . .      SeeInvis .   k - +4 dagger (flame)
rCold   . . .      Faith    .   (no shield)
rNeg    + . .      Spirit   .   b - +0 robe
rPois   ∞          Reflect  +   (no helmet)
rElec   +          Harm     .   (no cloak)
rCorr   .          Rampage  .   (no gloves)
Will    .....                   (no boots)
Stlth   ++........              e - amulet of reflection
HPRegen 0.18/turn               (no ring)
MPRegen 0.19/turn               (no ring)

@: no status effects
A: sickness immunity, AC +8, negative energy resistance 1, electricity
resistance, torment resistance 1, petrification resistance
a: Renounce Religion


You were on level 9 of the Dungeon.
You worshipped Vehumet.
Vehumet was pleased with you.
You visited 2 branches of the dungeon, and saw 10 of its levels.

You collected 537 gold pieces.

Inventory:

Hand Weapons
 k - a +4 dagger of flaming (weapon)
Missiles
 c - 102 stones
Armour
 b - a +0 robe (worn)
Jewellery
 e - an amulet of reflection (around neck)
 o - a ring of protection from fire
 p - a +4 ring of evasion
 x - a ring of wizardry
Wands
 j - a wand of mindburst (14)
 m - a wand of flame (22)
 q - a wand of iceblast (10)
Scrolls
 a - 2 scrolls of amnesia
 f - a scroll of fog
 g - 2 scrolls of teleportation {unknown}
 h - 7 scrolls of identify {unknown}
 l - 3 scrolls of magic mapping
 u - a scroll of enchant weapon {unknown}
 w - a scroll of holy word {unknown}
Potions
 d - a potion of cancellation
 i - a potion of curing
 n - 2 potions of ambrosia {unknown}
 r - 2 potions of attraction {unknown}
 s - a potion of flight {unknown}
 t - 2 potions of magic {unknown}
 v - a potion of haste {unknown}


   Skills:
 - Level 1.5 Dodging
 - Level 2.1 Stealth
 + Level 9.3 Spellcasting
 + Level 10.8 Conjurations
 - Level 0.7 Transmutations
 + Level 12.2 Earth Magic


You had 19 spell levels left.
You knew the following spells:

 Your Spells              Type           Power      Damage    Failure   Level
a - Sandblast             Erth           100%       2d20      1%          1
b - Stone Arrow           Conj/Erth      100%       3d13      1%          3
c - Lee's Rapid Deconstr  Erth           28%        3d16*     1%          5

Your spell library contained the following spells:

 Spells                   Type           Power      Damage    Failure   Level
 Dazzling Flash           Conj/Hex       64%        N/A       2%          3
 Magic Dart               Conj           100%       1d8       1%          1
 Passwall                 Tmut/Erth      30%        N/A       1%          2
 Searing Ray              Conj           100%       2d8       1%          2
 Petrify                  Tmut/Erth      37%        N/A       4%          4
 Leda's Liquefaction      Hex/Erth       17%        N/A       5%          4
 Slow                     Hex            36%        N/A       7%          1
 Wereblood                Tmut           12%        N/A       8%          2
 Fulminant Prism          Conj/Hex       16%        3d11      8%          4
 Iskenderun's Mystic Bla  Conj/Tloc      32%        2d8       8%          4
 Corpse Rot               Necr/Air       18%        N/A       11%         2
 Ensorcelled Hibernation  Hex/Ice        18%        N/A       11%         2
 Poisonous Vapours        Pois/Air       18%        N/A       11%         2
 Borgnjor's Vile Clutch   Necr/Erth      17%        N/A       16%         5
 Call Canine Familiar     Summ           9%         N/A       21%         3
 Confusing Touch          Hex            9%         N/A       21%         3
 Vampiric Draining        Necr           9%         2d6       21%         3
 Metabolic Englaciation   Hex/Ice        4%         N/A       88%         5
 Silence                  Hex/Air        4%         N/A       88%         5
 Haunt                    Necr/Summ      4%         N/A       100%        7
 Summon Hydra             Summ           4%         N/A       100%        7
 Sublimation of Blood     Necr           Unusable   N/A       N/A         2
 Statue Form              Tmut/Erth      Unusable   N/A       N/A         6

Dungeon Overview and Level Annotations

Branches:
Dungeon (9/15)             Temple (1/1) D:5
   Lair: D:8-11         Orc: D:9-12

Altars:
Ashenzari
Cheibriados
Dithmenos
Elyvilon
Fedhas
Gozag
Hepliaklqana
Kikubaaqudgha
Makhleb
Nemelex Xobeh
Okawaru
Qazlal
Sif Muna
Trog
Uskayaw
Vehumet
Wu Jian
Xom
Yredelemnul
Zin
The Shining One

Shops:
D:2 [   D:6 =

Annotations:
D:4 1 runed translucent door, patchburns1's ghost, amateur MiFi


Innate Abilities, Weirdness & Mutations

You are immune to sickness and miasma.
Your stone body is resilient. (AC +8)
You are immune to poison.
You resist negative energy. (rN+)
You are resistant to electric shocks. (rElec)
You are resistant to unholy torment.
You are immune to petrification.


Message History

Aim: a slime creature (heavily wounded, 95% to hit)
The stone arrow hits the slime creature!!
You kill the slime creature!
Vehumet accepts your kill.
You feel your power returning. The slime creature hits you.
Unknown command.
Casting: Stone Arrow (safe; 1% risk of failure)
Confirm with . or Enter, or press ? or * to list all spells.
Aiming: Stone Arrow (safe; 1% risk of failure)
Press: ? - help, Shift-Dir - straight line, f - slime creature
Aim: a slime creature (95% to hit)
The stone arrow hits the slime creature!
The slime creature is moderately wounded.
The slime creature hits you!
* * * LOW HITPOINT WARNING * * *
Unknown command.
Casting: Stone Arrow (safe; 1% risk of failure)
Confirm with . or Enter, or press ? or * to list all spells.
Aiming: Stone Arrow (safe; 1% risk of failure)
Press: ? - help, Shift-Dir - straight line, f/p - slime creature
Aim: a slime creature (moderately wounded, 95% to hit)
The stone arrow hits the slime creature!
The slime creature is heavily wounded.
The slime creature quivers.
The slime creature misses you.
Unknown command.
Casting: Stone Arrow (safe; 1% risk of failure)
Confirm with . or Enter, or press ? or * to list all spells.
Aiming: Stone Arrow (safe; 1% risk of failure)
Press: ? - help, Shift-Dir - straight line, f/p - slime creature
Aim: a slime creature (heavily wounded, 95% to hit)
The stone arrow hits the slime creature!
The slime creature is severely wounded.
The slime creature hits you!
* * * LOW HITPOINT WARNING * * *
Unknown command.
You feel better. The slime creature hits you.
* * * LOW HITPOINT WARNING * * *
The slime creature hits you!
You die...

...).)<...≈♣♣≈♣..#≈♣♣♣≈≈÷.≈≈≈≈≈≈≈
...).....≈≈≈P≈P♣≈♣≈≈≈≈≈≈≈.S≈≈≈≈
........≈≈≈≈P≈≈P≈≈≈≈≈≈P≈≈.≈≈≈≈≈
.......♣P≈≈P≈≈≈≈≈≈≈≈≈≈≈≈≈.≈≈≈≈≈.#
........J..................≈≈♣...
...##..≈≈≈J≈≈≈≈P≈≈≈≈≈≈P≈♣..♣♣#...
..#####P≈≈≈≈≈†♣♣♣♣≈≈≈≈♣♣...#....#
........P≈≈≈PJ♣♣♣≈≈♣♣♣≈(......# #
#........≈♣♣♣P.J@>.♣♣♣......#
########......#J...........# #
##......####........# # #..#...
####....## ## # #..##....
###...#####. ########.##.....
#.#...##.. ......#.# #..##..
#.####....# #####... #.# #.#
###### ##


You could see 3 slime creatures.

Vanquished Creatures
  Erica (D:8)
  A two-headed ogre (D:8)
  A deep elf pyromancer (D:9)
  Maggie (D:6)
  2 slime creatures (D:9)
  7 yaks
  Sigmund (D:5)
  5 wyverns (D:9)
  Menkaure (D:5)
  4 water moccasins
  6 orc warriors
  2 ogres
  A necrophage (D:7)
  3 centaurs
  5 bullfrogs
  A scorpion (D:6)
  A wyvern skeleton (D:6)
  5 wights (D:7)
  5 electric eels
  A howler monkey (D:6)
  2 bullfrog zombies
  A gnoll shaman (D:5)
  4 hounds
  3 jellies
  A bullfrog skeleton (D:7)
  2 orc priests
  A centaur skeleton (D:5)
  8 iguanas
  7 orc wizards
  A statue (D:6)
  A killer bee zombie (D:9)
  12 gnolls
  A howler monkey skeleton (D:6)
  7 adders
  2 ufetubi
  2 dart slugs
  45 orcs
  4 bats
  7 endoplasms
  4 giant cockroaches
  15 goblins
  5 hobgoblins
  A quokka (D:4)
  4 ball pythons
  2 frilled lizards
  5 kobolds
  3 rats
204 creatures vanquished.

Vanquished Creatures (collateral kills)
  An orc warrior (D:4)
1 creature vanquished.

Vanquished Creatures (others)
  3 fungi (D:9)
  35 plants (D:9)
38 creatures vanquished.

Grand Total: 243 creatures vanquished

Notes
Turn   | Place    | Note
-------+----------+-------------------------------------------
     0 | D:1      | ders the Gargoyle Earth Elementalist began the quest for
                  | the Orb.
     0 | D:1      | Reached XP level 1. HP: 10/10 MP: 3/3
   111 | D:1      | Reached XP level 2. HP: 15/15 MP: 3/5
   188 | D:1      | Reached skill level 1 in Conjurations
   201 | D:1      | Found a faded altar of an unknown god.
   361 | D:1      | Reached skill level 4 in Earth Magic
   387 | D:1      | Got the Grimoire of Creative Feathers
   850 | D:2      | Reached XP level 3. HP: 12/19 MP: 4/6
   992 | D:2      | Found Noxiuffyku's Armour Shop.
  1586 | D:3      | Found a hide-covered altar of Uskayaw.
  1591 | D:3      | Reached XP level 4. HP: 24/24 MP: 4/8
  1638 | D:3      | Learned a level 3 spell: Stone Arrow
  1782 | D:3      | Found a white marble altar of Elyvilon.
  1791 | D:3      | Reached XP level 5. HP: 24/28 MP: 0/9
  1818 | D:3      | Became a worshipper of Elyvilon the Healer
  2330 | D:4      | Found a runed translucent door.
  2349 | D:4      | Noticed patchburns1's ghost (amateur MiFi)
  2416 | D:4      | Reached skill level 5 in Earth Magic
  2754 | D:4      | Got the Compendium of Dusty Beguiling
  2945 | D:4      | Reached * piety under Elyvilon
  3197 | D:4      | Reached XP level 6. HP: 32/32 MP: 7/11
  3312 | D:4      | Noticed an orc warrior
  3340 | D:4      | Killed an orc warrior
  4177 | D:4      | Reached skill level 6 in Earth Magic
  4179 | D:4      | Reached XP level 7. HP: 36/36 MP: 0/13
  4216 | D:4      | HP: 1/36 [orc (4)]
  4669 | D:4      | Learned a level 5 spell: Lee's Rapid Deconstruction
  4679 | D:5      | Entered Level 5 of the Dungeon
  4982 | D:5      | Reached ** piety under Elyvilon
  4987 | D:5      | Noticed Menkaure
  4991 | D:5      | Killed Menkaure
  5140 | D:5      | Reached skill level 5 in Conjurations
  5257 | D:5      | Found a staircase to the Ecumenical Temple.
  5272 | Temple   | Entered the Ecumenical Temple
  5650 | D:5      | Reached skill level 7 in Earth Magic
  5883 | D:5      | Reached XP level 8. HP: 41/41 MP: 4/15
  5967 | D:5      | Noticed Sigmund
  5971 | D:5      | Killed Sigmund
  5972 | D:5      | Reached skill level 5 in Spellcasting
  6173 | D:5      | Found a glowing silver altar of Zin.
  6474 | D:5      | Reached *** piety under Elyvilon
  6539 | D:6      | Found Zilus's Jewellery Emporium.
  6613 | D:6      | Reached skill level 8 in Earth Magic
  6932 | D:6      | Found a radiant altar of Vehumet.
  6939 | D:6      | Fell from the grace of Elyvilon
  6939 | D:6      | Became a worshipper of Vehumet
  7280 | D:6      | Reached XP level 9. HP: 45/45 MP: 11/18
  7291 | D:6      | Noticed Maggie
  7612 | D:6      | Found a shadowy altar of Dithmenos.
  7612 | D:6      | Found a hazy altar of Hepliaklqana.
  7809 | D:6      | Killed Maggie
  7810 | D:6      | Reached skill level 9 in Earth Magic
  9595 | D:8      | Reached * piety under Vehumet
  9595 | D:8      | Offered knowledge of Shock by Vehumet.
  9626 | D:7      | Reached skill level 10 in Earth Magic
  9926 | D:8      | Reached XP level 10. HP: 49/50 MP: 15/21
 10335 | D:8      | Reached ** piety under Vehumet
 10335 | D:8      | Offered knowledge of Foxfire by Vehumet.
 10470 | D:8      | Noticed a two-headed ogre
 10474 | D:8      | Killed a two-headed ogre
 10542 | D:8      | Found a snail-covered altar of Cheibriados.
 10911 | D:8      | Noticed Erica
 10922 | D:8      | Killed Erica
 10923 | D:8      | Reached skill level 11 in Earth Magic
 11119 | D:9      | Noticed a deep elf pyromancer
 11122 | D:9      | Killed a deep elf pyromancer
 11204 | D:9      | Reached skill level 10 in Conjurations
 11716 | D:9      | Reached XP level 11. HP: 52/54 MP: 7/23
 11835 | D:9      | Offered knowledge of Dazzling Flash by Vehumet.
 11845 | D:9      | Reached skill level 12 in Earth Magic
 12474 | D:9      | HP: 1/54 [slime creature (11)]
 12475 | D:9      | Mangled by a slime creature

Illustrated notes

Levels and vault maps discovered:
D:1:      lightli_arrival_boilingwater, layout_basic, basic_ecumenical_altar
D:2:      layout_basic, serial_shops, nicolae_shop_behind_doors
D:3:      layout_loops_ring, nicolae_elyvilon_peaceful_grove,
          eat_drink_and_be_merry_uskayaw, columned_hall_lemuel
D:4:      layout_gridville, ebering_ghost_sewer_d
D:5:      layout_cave_pods, zin_treasury, minmay_temple_entry_hall,
          uniq_menkaure, uniq_sigmund
D:6:      layout_loops_cross, riverfiend_overflow_shadow_ancestor,
          vehumet_statue, serial_shops, nicolae_shop_hallway_plus, serial_glass,
          glass_columns_c, glass_columns_a, minivault_4,
          minmay_increasing_density, uniq_maggie
D:7:      layout_basic
D:8:      layout_gridville, mainiacjoe_overflow_24_doors, special_room
          [special_room_orc], uniq_erica
D:9:      layout_layer_cave, amcnicky_altar_gilded, minmay_lair_entry_grove,
          erik_orc_1, grunt_decor_arrowhead, serial_bayou_lagoon_b
Temple:   eino_temple_water

Skill      XL: |  1  2  3  4  5  6  7  8  9 10 11 |
---------------+----------------------------------+-----
Conjurations   | 1 2 3 4 5 6 8 10 | 10.8
Earth Magic    | 4 5 6 7 8 10 11 12 | 12.2
Spellcasting   | 3 4 6 7 8 9 |  9.3
Dodging        | |  1.5
Stealth        | |  2.1
Transmutations | |  0.7

Action                   |  1- 3 |  4- 6 |  7- 9 | 10-12 || total
-------------------------+-------+-------+-------+-------++-------
Melee: Whip              |     1 |    13 |       |       ||    14
       Dagger            |       |    10 |    15 |    25 ||    50
 Cast: Sandblast         |    47 |    47 |    36 |    23 ||   153
       Stone Arrow       |       |    20 |    95 |    77 ||   192
       Lee's Rapid Decon |       |       |     3 |     3 ||     6
  Use: Potion            |       |     5 |       |     2 ||     7
       Scroll            |       |     5 |       |       ||     5
Armor: Robe              |     4 |    22 |    15 |    24 ||    65
       Skin              |       |    13 |       |       ||    13
Dodge: Dodged            |     9 |    38 |    41 |    44 ||   132
Block: Other             |       |    10 |    10 |    13 ||    33
       Reflection        |       |       |     1 |       ||     1

Table legend: (Time is in decaauts)
 A = Elapsed time spent in this place.
 B = Non-inter-level travel time spent in this place.
 C = Inter-level travel time spent in this place.
 D = Time resting spent in this place.
 E = Time spent auto-exploring this place.
 F = Levels seen in this place.
 G = Mean time per level.
                   A        B        C        D        E       F      G
               +--------+--------+--------+--------+--------+-----+--------+
         Total |  12504 |  12212 |    292 |   3286 |   7535 |  10 | 1250.4 |
       Dungeon |  12260 |  12011 |    249 |   3286 |   7347 |   9 | 1362.2 |
        Temple |    243 |    200 |     43 |      0 |    188 |   1 |  243.0 |
               +--------+--------+--------+--------+--------+-----+--------+

Top non-repeatable levels by time:
     D:4: 2045 daAuts
     D:6: 1879 daAuts
     D:8: 1861 daAuts
     D:7: 1494 daAuts
     D:5: 1453 daAuts
     D:3: 1305 daAuts
     D:2: 866 daAuts
     D:9: 735 daAuts
     D:1: 618 daAuts
  Temple: 243 daAuts
